 Dungeon Crawl Stone Soup version 0.26-a0-631-ged93497179 (webtiles) character file.

Game seed: 5078174385826248962

340 DogServant the Ruffian (level 6, -14/52 HPs)
             Began as a Draconian Transmuter on Sept 12, 2020.
             Demolished by an ogre
             ... wielding a +0 giant club
              (29 damage)
             ... on level 4 of the Dungeon.
             The game lasted 00:08:21 (3885 turns).

DogServant the Ruffian (Draconian Transmuter)       Turns: 3885, Time: 00:08:22

Health: -14/52     AC:  7    Str: 14    XL:     6   Next: 30%
Magic:  9/9        EV: 12    Int: 14    God:
Gold:   129        SH:  0    Dex: 11    Spells: 6/9 levels left

rFire    . . .     SeeInvis .     - Unarmed
rCold    . . .     Faith    .   (no shield)
rNeg     . . .     Spirit   .   (armour unavailable)
rPois    .         Reflect  .   (helmet restricted)
rElec    .         Harm     .   n - +0 cloak
rCorr    .         Rampage  .   (no gloves)
MR       .....                  (no boots)
Stlth    +.........             (no amulet)
HPRegen  0.17/turn              a - ring of flight
MPRegen  0.11/turn              (no ring)

@: no status effects
A: unfitting armour, cold-blooded, AC +6
a: Evoke Flight


You were on level 4 of the Dungeon.
You visited 1 branch of the dungeon, and saw 4 of its levels.

You collected 129 gold pieces.

Inventory:

Missiles
 f - 5 curare-tipped darts (quivered)
Armour
 n - a +0 cloak (worn)
 p - a +0 leather armour
Jewellery
 a - a ring of flight (left hand)
 e - an uncursed amulet of magic regeneration
Scrolls
 b - 2 scrolls of amnesia {unknown}
 j - 5 scrolls of enchant armour {unknown}
 k - a scroll of magic mapping {unknown}
 m - 3 scrolls of teleportation {unknown}
 o - a scroll of remove curse
 q - 2 scrolls of identify
 r - a scroll of immolation {unknown}
Potions
 c - a potion of mutation {unknown}
 d - a potion of ambrosia {unknown}
 g - 4 potions of heal wounds {unknown}
 h - 2 potions of flight {unknown}
 i - 2 potions of curing {unknown}
 l - 2 potions of haste {unknown}


   Skills:
 + Level 4.0 Fighting
 - Level 1.7 Dodging
 * Level 5.9 Unarmed Combat
 - Level 2.0 Spellcasting
 + Level 2.5 Transmutations


You had 6 spell levels left.
You knew the following spells:

 Your Spells              Type           Power        Failure   Level
a - Beastly Appendage     Tmut           #.....       9%          1
b - Wereblood             Tmut           #.......     13%         2

Your spell library contained the following spells:

 Spells                   Type           Power        Failure   Level
 Spider Form              Tmut/Pois      #.........   38%         3
 Ice Form                 Ice/Tmut       #.......     80%         4
 Blade Hands              Tmut           #.........   93%         5


Dungeon Overview and Level Annotations

Branches:
Dungeon (4/15)
 Temple: D:4-7

Altars:
Kikubaaqudgha
Trog


Innate Abilities, Weirdness & Mutations

Your plain brown scales are hard. (AC +6)
You cannot fit into any form of body armour.
You are cold-blooded and may be slowed by cold attacks.


Message History

The ogre is lightly wounded.
The ogre hits you with a +0 giant club!
You hit the ogre. You claw the ogre. Your headbutt misses the ogre.
Your tail-slap misses the ogre.
The ogre is moderately wounded.
The ogre misses you.
You hit the ogre but do no damage. Your kick misses the ogre.
You tail-slap the ogre.
The ogre is moderately wounded.
You hit the ogre but do no damage. You claw the ogre, but do no damage.
The ogre is moderately wounded.
The ogre hits you with a +0 giant club!
* * * LOW HITPOINT WARNING * * *
Your transformation is almost over.
Found 12 stones.
Your horns disappear.
Your talons disappear.
The ogre hits you but does no damage.
The ogre hits you with a +0 giant club!!
Ouch! That really hurt!
You die...

##............ #....##.....
#.........# ###.......#
.......
######........##.......
##...####...........(...
#.....####..............
##.....#........).......
#.....@................
###..O.................
##.....................
#.....#..........##....
##.....###.#............
####....####..#............
##........# #.†#............
#........####.##...[..##....
##....######...##....###....


You could see an ogre.

Vanquished Creatures
  A jelly (D:4)
  Natasha (twice) (D:2)
  Terence (D:2)
  7 gnolls (D:2)
  5 adders
  2 oozes
  4 worms
  5 dart slugs
  4 leopard geckos
  3 orcs
  8 bats
  4 giant cockroaches
  8 goblins
  12 hobgoblins
  11 jackals
  2 kobolds
  7 frilled lizards
  A quokka skeleton (D:4)
  5 rats
92 creatures vanquished.

Notes
Turn   | Place    | Note
-------+----------+-------------------------------------------
     0 | D:1      | DogServant the Draconian Transmuter began the quest for the
                  | Orb.
     0 | D:1      | Reached XP level 1. HP: 16/16 MP: 3/3
   269 | D:1      | Reached XP level 2. HP: 20/23 MP: 5/5
   960 | D:2      | Noticed Natasha
   971 | D:2      | Killed Natasha
   971 | D:2      | Reached skill level 4 in Unarmed Combat
   971 | D:2      | Reached XP level 3. HP: 11/30 MP: 3/6
  1468 | D:2      | Reached XP level 4. HP: 36/37 MP: 5/7
  1534 | D:2      | Noticed Terence
  1553 | D:2      | Killed Terence
  1709 | D:2      | Noticed Natasha
  1720 | D:2      | Killed Natasha
  1875 | D:2      | Reached skill level 5 in Unarmed Combat
  1875 | D:2      | Reached XP level 5. HP: 28/45 MP: 8/8
  2271 | D:2      | Learned a level 2 spell: Wereblood
  2981 | D:3      | Found a bloodstained altar of Trog.
  2981 | D:3      | Found an ancient bone altar of Kikubaaqudgha.
  3428 | D:3      | Reached XP level 6. HP: 39/52 MP: 9/9
  3885 | D:4      | Demolished by an ogre

Illustrated notes

Levels and vault maps discovered:
D:1:      psy_arrival_radial02, layout_basic
D:2:      layout_basic, uniq_terence, uniq_natasha
D:3:      layout_rooms, gammafunk_temple_overflow_wave
D:4:      layout_cave_pools, kennysheep_generic_room_8

Skill      XL: |  1  2  3  4  5  6 |
---------------+-------------------+-----
Fighting       | 2 3 4 |  4.0
Unarmed Combat | 4 5 |  5.9
Dodging        | |  1.7
Spellcasting   | |  2.0
Transmutations | |  2.5

Action                   |  1- 3 |  4- 6 || total
-------------------------+-------+-------++-------
Melee: Unarmed           |    97 |   188 ||   285
       Tailslap          |    11 |    22 ||    33
       Kick              |    12 |    19 ||    31
       Headbutt          |     5 |    21 ||    26
       Punch             |     1 |     4 ||     5
 Cast: Beastly Appendage |     9 |    20 ||    29
       Wereblood         |       |     4 ||     4
  Use: Scroll            |       |     5 ||     5
 Stab: Sleeping          |     1 |     3 ||     4
       Distracted        |       |     1 ||     1
Armor: Skin              |    24 |    52 ||    76
Dodge: Dodged            |    72 |   140 ||   212

Table legend: (Time is in decaauts)
 A = Elapsed time spent in this place.
 B = Non-inter-level travel time spent in this place.
 C = Inter-level travel time spent in this place.
 D = Time resting spent in this place.
 E = Time spent auto-exploring this place.
 F = Levels seen in this place.
 G = Mean time per level.
                   A        B        C        D        E       F      G
               +--------+--------+--------+--------+--------+-----+--------+
         Total |   3869 |   3738 |    131 |   1174 |   1878 |   4 |  967.2 |
       Dungeon |   3869 |   3738 |    131 |   1174 |   1878 |   4 |  967.2 |
               +--------+--------+--------+--------+--------+-----+--------+

Top non-repeatable levels by time:
     D:2: 1837 daAuts
     D:3: 968 daAuts
     D:1: 915 daAuts
     D:4: 148 daAuts
